 Dungeon Crawl Stone Soup version 0.25-a0-733-gf7d8cd8a05 (webtiles) character file.

Game seed: 896968566311057142, levelgen mode: deterministic

1492 Amnesiac the Frost Mage (level 8, 0/57 HPs)
             Began as a Ghoul Ice Elementalist on Apr 9, 2020.
             Was a Believer of Vehumet.
             Slain by an ice beast (4 damage)
             ... on level 6 of the Dungeon.
             The game lasted 00:18:09 (5702 turns).

Amnesiac the Frost Mage (Ghoul Ice Elementalist)    Turns: 5702, Time: 00:18:10

Health: 0/57       AC:  3    Str: 12    XL:     8   Next: 80%
Magic:  6/15       EV: 12    Int: 12    God:    Vehumet [**....]
Gold:   373        SH:  0    Dex:  9    Spells: 2/17 levels left

rFire    . . .     SeeInvis .   a - +0 falchion
rCold    + . .     Gourm    .   (no shield)
rNeg     + + +     Faith    .   C - +1 robe (curse)
rPois    ∞         Spirit   .   (no helmet)
rElec    .         Reflect  .   (no cloak)
rCorr    .         Harm     .   (no gloves)
MR       .....                  (no boots)
Stlth    ++........             (no amulet)
HPRegen  0.00/turn              (no ring)
MPRegen  0.14/turn              (no ring)

@: rotting
A: rotting body, claws 1, carnivore, cold resistance 1, negative energy
resistance 3, inhibited regeneration, torment resistance, unbreathing
a: Renounce Religion


You were on level 6 of the Dungeon.
You worshipped Vehumet.
Vehumet was pleased with you.
You were hungry.

You visited 1 branch of the dungeon, and saw 6 of its levels.
You also visited: Sewer.

You collected 373 gold pieces.

Inventory:

Hand Weapons
 a - a +0 falchion (weapon)
 y - a +2 whip of draining
Missiles
 m - 13 poisoned darts (quivered)
Armour
 e - a +0 kite shield
 C - a cursed +1 robe (worn)
Wands
 j - a wand of paralysis (1)
 r - a wand of flame (19)
 s - a wand of random effects (19)
 v - a wand of digging (7)
Scrolls
 d - a scroll of fear {!r}
 h - 5 scrolls of remove curse {!r}
 k - 3 scrolls of teleportation {!r}
 q - 2 scrolls of identify {!r}
 t - a scroll of magic mapping {!r}
 w - 2 scrolls of fog {!r}
Potions
 b - 3 potions of magic {!q}
 f - 2 potions of curing {!q}
 g - 2 potions of berserk rage {!q}
 i - 2 potions of haste {!q}
 l - a potion of brilliance {!q, unknown}
 n - 2 potions of might {!q}
 o - a potion of lignification {!q, unknown}
 p - a potion of stabbing {!q, unknown}
 x - a potion of mutation {!q, unknown}
 z - a potion of flight {!q, unknown}
 D - a potion of ambrosia {!q}
Comestibles
 c - 11 rations


   Skills:
 - Level 1.7 Dodging
 - Level 2.1 Stealth
 + Level 5.3 Spellcasting
 * Level 10.4 Ice Magic


You had 2 spell levels left.
You knew the following spells:

 Your Spells              Type           Power        Failure   Level  Hunger
a - Freeze                Ice            ####         1%          1    None
b - Frozen Ramparts       Ice            ####..       1%          3    ###....
c - Summon Ice Beast      Ice/Summ       ###.....     22%         4    ####...
d - Hailstorm             Conj/Ice       ###.....     22%         4    ####...
z - Ozocubu's Armour      Chrm/Ice       ###.....     7%          3    ###....

Your spell library contained the following spells:

 Spells                   Type           Power        Failure   Level  Hunger
 Foxfire                  Conj/Fire      #...         19%         1    None


Dungeon Overview and Level Annotations

Branches:
Dungeon (6/15)             Temple (0/1) D:5           Sewer (visited)

Altars:
Elyvilon
Trog
Uskayaw
Vehumet
Xom

Annotations:
D:6 Grinder


Innate Abilities, Weirdness & Mutations

Your body is rotting away.
You thrive on raw meat.
You are immune to poison.
You have sharp fingernails.
You are carnivorous and can eat meat at any time.
Your flesh is cold resistant. (rC+)
You are immune to negative energy. (rN+++)
You do not regenerate when monsters are visible.
You are immune to unholy pain and torment.
You can survive without breathing.


Message History

The ice beast barely misses your ice beast.
The ice beast hits your ice beast. The ice beast freezes your ice beast.
Your ice beast completely resists.
Your ice beast freezes the ice beast.
The ice beast completely resists.
The ice beast barely misses your ice beast.
The ice beast barely misses your ice beast.
Your ice beast freezes the ice beast.
The ice beast completely resists.
The ice beast closely misses your ice beast.
Your ice beast freezes the ice beast.
The ice beast completely resists.
The ice beast closely misses your ice beast.
The ice beast hits your ice beast. The ice beast freezes your ice beast.
Your ice beast completely resists.
The ice beast hits your ice beast. The ice beast freezes your ice beast.
Your ice beast completely resists.
You hear the brisk hiss of a distant avalanche of sand.
The ice beast hits your ice beast. The ice beast freezes your ice beast.
Your ice beast completely resists.
The ice beast closely misses your ice beast.
The ice beast closely misses your ice beast.
The ice beast dies!
Vehumet accepts your kill.
Okay, then.
Found 19 sling bullets.
Found 11 gold pieces.
t - a scroll of magic mapping {!r} Your ice beast disappears in a puff of smoke!
You now have 373 gold pieces (gained 11).
Grinder comes into view.
Grinder is nearby!
You set off the alarm!
A sentinel's mark forms upon you.
You hear a shout! x4; You hear an angry hiss.
An orc wizard comes into view. It is wielding a +0 dagger.
An orc comes into view. It is wielding a +0 dagger.
Grinder blinks!
An ice beast comes into view.
Your magical contamination has completely faded away.
You hear the brisk hiss of a distant avalanche of sand.
The sentinel's mark upon you fades away.
Casting: Summon Ice Beast (slightly dangerous; 22% risk of failure)
Confirm with . or Enter, or press ? or * to list all spells.
You don't know that spell.
Casting: Summon Ice Beast (slightly dangerous; 22% risk of failure)
Confirm with . or Enter, or press ? or * to list all spells.
A chill wind blows around you.
Your ice beast freezes the ice beast.
The ice beast completely resists.
Your ice beast freezes the ice beast.
The ice beast completely resists.
Casting: Summon Ice Beast (slightly dangerous; 22% risk of failure)
Confirm with . or Enter, or press ? or * to list all spells.
A chill wind blows around you.
You are feeling hungry.
The ice beast hits you.
* * * LOW HITPOINT WARNING * * *
The ice beast freezes you! You resist.
* * * LOW HITPOINT WARNING * * *
There is a stone staircase leading down here.
The ice beast completely misses you.
You riposte.
You hit the ice beast but do no damage.
The ice beast is lightly wounded.
Your ice beast freezes the ice beast.
The ice beast completely resists.
The ice beast hits you.
* * * LOW HITPOINT WARNING * * *
The ice beast freezes you. You resist.
You die...

...)....###.# #......#
............# .....###..
............# .### ###
..........###
..........##
...........#.+
.............##########
..#.#####.............#
...## ######..@YY...##
...## ##..#Y....# #...##
##..##...<#
##...#########..###....#
#....).........# #....#
##..#########..# #....##
#..## ##..###..o.# #..#
##..##....# ##.##
#..#....#


You could see an ice beast and 2 friendly ice beasts.

Vanquished Creatures
  Pikel (D:5)
  Eustachio (D:4)
  Edmund (D:6)
  4 slaves (D:5)
  A centaur (D:5)
  2 orc wizards
  Ijyb (D:4)
  2 iguanas
  A worker ant (D:4)
  A howler monkey zombie (D:6)
  3 gnolls (D:4)
  9 adders
  4 river rats (Sewer)
  A shadow imp (D:5)
  2 oozes
  An adder skeleton (D:4)
  A worm (D:2)
  4 dart slugs
  8 leopard geckos
  6 orcs
  4 ball pythons
  6 bats
  15 giant cockroaches
  14 goblins
  11 hobgoblins
  14 jackals
  8 kobolds
  2 quokkas
  9 frilled lizards
  2 leopard gecko skeletons
  A quokka skeleton (D:4)
  11 rats
151 creatures vanquished.

Vanquished Creatures (collateral kills)
  Menkaure (D:5)
  2 ice beasts
  A crimson imp (D:5)
  A centaur zombie (D:6)
  An adder (D:5)
  A worm (D:5)
7 creatures vanquished.

Vanquished Creatures (others)
  A dart slug (D:3)
  A quokka (D:3)
2 creatures vanquished.

Grand Total: 160 creatures vanquished

Notes
Turn   | Place    | Note
-------+----------+-------------------------------------------
     0 | D:1      | Amnesiac the Ghoul Ice Elementalist began the quest for the
                  | Orb.
     0 | D:1      | Reached XP level 1. HP: 14/14 MP: 2/2
   163 | D:1      | Reached XP level 2. HP: 19/19 MP: 0/3
   404 | D:2      | Reached skill level 5 in Ice Magic
   418 | D:2      | Reached XP level 3. HP: 11/26 MP: 0/5
   624 | D:4      | Learned a level 3 spell: Frozen Ramparts
   635 | D:4      | Reached XP level 4. HP: 33/33 MP: 1/6
   689 | D:4      | Noticed Ijyb
   690 | D:4      | Paralysed by Ijyb for 4 turns
   705 | D:4      | Paralysed by Ijyb for 4 turns
   713 | D:4      | Killed Ijyb
   763 | D:4      | Reached skill level 6 in Ice Magic
   771 | D:4      | Found a glowing drain.
   777 | Sewer    | Entered a sewer
   821 | Sewer    | Reached XP level 5. HP: 17/38 MP: 0/8
  1372 | D:4      | Noticed Eustachio
  1713 | D:4      | Killed Eustachio
  1713 | D:4      | Reached skill level 7 in Ice Magic
  1713 | D:4      | Reached XP level 6. HP: 10/45 MP: 4/10
  1827 | D:4      | Noticed a phantom
  1878 | D:4      | Learned a level 4 spell: Summon Ice Beast
  1950 | D:3      | Reached XP level 7. HP: 7/50 MP: 2/11
  1982 | D:3      | Found a white marble altar of Elyvilon.
  2486 | D:5      | Entered Level 5 of the Dungeon
  2529 | D:5      | Found a staircase to the Ecumenical Temple.
  2529 | D:5      | Noticed Menkaure
  2579 | D:5      | Found a bloodstained altar of Trog.
  2579 | D:5      | Found a hide-covered altar of Uskayaw.
  2580 | D:5      | Found a radiant altar of Vehumet.
  2584 | D:5      | Found a shimmering altar of Xom.
  2591 | D:5      | Became a worshipper of Vehumet
  3462 | D:2      | Reached skill level 8 in Ice Magic
  3510 | D:2      | Reached * piety under Vehumet
  3510 | D:2      | Offered knowledge of Sandblast by Vehumet.
  4250 | D:2      | Noticed an ice devil
  4463 | D:5      | Noticed Pikel
  4478 | D:5      | Found a shimmering altar of Xom.
  4709 | D:5      | Killed Pikel
  4709 | D:5      | Reached skill level 9 in Ice Magic
  4709 | D:5      | Reached XP level 8. HP: 34/57 MP: 5/14
  5208 | D:5      | Killed Menkaure
  5208 | D:5      | Reached ** piety under Vehumet
  5217 | D:5      | Learned a level 3 spell: Ozocubu's Armour
  5222 | D:5      | Learned a level 4 spell: Hailstorm
  5248 | D:5      | Offered knowledge of Foxfire by Vehumet.
  5250 | D:5      | Reached skill level 5 in Spellcasting
  5305 | D:5      | Reached skill level 10 in Ice Magic
  5477 | D:6      | Noticed Edmund
  5487 | D:6      | Killed Edmund
  5635 | D:6      | Noticed Grinder
  5702 | D:6      | Slain by an ice beast

Levels and vault maps discovered:
D:1:      dpeg_arrival_prison, layout_loops_corners
D:2:      cheibrodos_greedy_goblins, layout_basic
D:3:      layout_rooms, first_ration, chequers_serial_rivers_micro_c,
          elyvilon_altar_4
D:4:      layout_loops_ring, gup_sewer_entry_pipe, minmay_pentomino_pile,
          uniq_eustachio, uniq_ijyb
D:5:      layout_cave_pools, minitemple, minmay_temple_entry_from_below_b,
          xom_teletrap_fun, uniq_menkaure, uniq_pikel, uniq_crazy_yiuf_cottage
D:6:      layout_cave_pods, nicolae_ossuary_entry_catacombs, feat_on_display,
          uniq_edmund, uniq_grinder

Skill      XL: |  1  2  3  4  5  6  7  8 |
---------------+-------------------------+-----
Spellcasting   | 2 3 4 5 |  5.3
Ice Magic      | 5 6 7 9 10 | 10.4
Dodging        | |  1.7
Stealth        | |  2.1

Action                   |  1- 3 |  4- 6 |  7- 9 || total
-------------------------+-------+-------+-------++-------
Melee: Unarmed           |    56 |    31 |       ||    87
       Spear             |       |    48 |     5 ||    53
       Falchion          |       |       |    73 ||    73
 Cast: Freeze            |    35 |    59 |   109 ||   203
       Frozen Ramparts   |     1 |    11 |    10 ||    22
       Summon Ice Beast  |       |     1 |    13 ||    14
  Use: Potion            |     1 |     5 |       ||     6
       Scroll            |       |       |    10 ||    10
 Stab: Distracted        |       |       |     1 ||     1
  Eat: Chunk             |    14 |    19 |    22 ||    55
Armor: Robe              |    16 |    19 |    26 ||    61
       Ring mail         |       |       |    12 ||    12
Dodge: Dodged            |    75 |   102 |   112 ||   289
       Rpst.: Falchion   |       |       |    32 ||    32

Table legend:
 A = Non-vault XP
 B = Vault XP
 C = Vault XP percentage of total XP
 D = Non-vault monster count
 E = Vault monster count
 F = Vault count percentage of total count
                 A         B        C        D         E       F
            +---------+---------+-------+---------+---------+-------
      Total |     821 |    1311 |  61.5 |     109 |      45 |  29.2
            +---------+---------+-------+---------+---------+-------
        D:1 |      31 |      10 |  24.4 |      19 |       6 |  24.0
        D:2 |     126 |      19 |  13.1 |      37 |      10 |  21.3
        D:3 |      47 |       0 |   0.0 |      20 |       0 |   0.0
        D:4 |     158 |     289 |  64.7 |      16 |      10 |  38.5
        D:5 |     304 |     732 |  70.7 |      13 |       2 |  13.3
        D:6 |     155 |     158 |  50.5 |       4 |       1 |  20.0
      Sewer |       0 |     103 | 100.0 |       0 |      16 | 100.0
            +---------+---------+-------+---------+---------+-------
